 Dungeon Crawl Stone Soup version 0.26-a0-651-gb41185065b (webtiles) character file.

Game seed: 16139240080314487916

3709 HoaS the Grappler (level 10, -2/81 HPs)
             Began as a Ghoul Gladiator on Oct 19, 2020.
             Was a Follower of Makhleb.
             Slain by a troll (8 damage)
             ... on level 9 of the Dungeon on Oct 20, 2020.
             The game lasted 00:21:01 (7089 turns).

HoaS the Grappler (Ghoul Gladiator)                 Turns: 7089, Time: 00:21:02

Health: -2/81      AC: 15    Str: 22    XL:     10   Next: 14%
Magic:  9/9        EV:  8    Int:  3    God:    Makhleb [*.....]
Gold:   404        SH:  0    Dex: 10    Spells: 9/9 levels left

rFire    . . .     SeeInvis .     - Unarmed
rCold    + . .     Faith    .   (no shield)
rNeg     + + +     Spirit   .   g - +0 plate armour
rPois    ∞         Reflect  .   b - +1 helmet
rElec    .         Harm     .   (no cloak)
rCorr    .         Rampage  .   h - +1 pair of gloves
MR       +....                  (no boots)
Stlth    ..........             u - amulet of regeneration
HPRegen  0.00/turn              v - ring of protection from magic
MPRegen  0.11/turn              (no ring)

@: no status effects
A: rotting body, claws 1, cold resistance 1, negative energy resistance 3,
inhibited regeneration, torment resistance, unbreathing
a: Renounce Religion


You were on level 9 of the Dungeon.
You worshipped Makhleb.
Makhleb was aware of your devotion.
You visited 2 branches of the dungeon, and saw 10 of its levels.
You also visited: Bailey.

You collected 404 gold pieces.

Inventory:

Missiles
 c - 3 throwing nets (quivered)
Armour
 b - a +1 helmet (worn)
 g - a +0 plate armour (worn)
 h - a +1 pair of gloves (worn)
Jewellery
 u - an amulet of regeneration (around neck)
 v - a ring of protection from magic (left hand)
 x - an uncursed amulet of the acrobat {unknown}
Wands
 i - a wand of paralysis (9)
 s - a wand of acid (3)
 w - a wand of flame (23)
Scrolls
 e - a scroll of magic mapping
 k - 3 scrolls of remove curse
 m - 5 scrolls of teleportation
 n - 2 scrolls of blinking
 t - a scroll of identify
Potions
 a - 4 potions of invisibility {unknown}
 d - 3 potions of flight {unknown}
 f - a potion of degeneration {unknown}
 j - a potion of cancellation {unknown}
 l - 3 potions of mutation {unknown}
 o - 4 potions of curing
 p - 2 potions of brilliance {unknown}
 q - 2 potions of lignification {unknown}
 r - 3 potions of heal wounds {unknown}


   Skills:
 + Level 5.0 Fighting
 - Level 1.7 Throwing
 + Level 3.5 Armour
 + Level 4.6 Dodging
 * Level 13.3 Unarmed Combat


You had 9 spell levels left.
You didn't know any spells.
Your spell library was empty.

Dungeon Overview and Level Annotations

Branches:
Dungeon (9/15)             Temple (1/1) D:6          Bailey (visited)
   Lair: D:8-11         Orc: D:9-12

Altars:
Ashenzari
Cheibriados
Dithmenos
Elyvilon
Fedhas
Gozag
Hepliaklqana
Kikubaaqudgha
Makhleb
Nemelex Xobeh
Okawaru
Qazlal
Ru
Sif Muna
Trog
Uskayaw
Vehumet
Wu Jian
Xom
Yredelemnul
Zin
The Shining One

Shops:
D:8 !

Annotations:
D:8 1 runed translucent door, donkeybrains's ghost, novice TrBe


Innate Abilities, Weirdness & Mutations

Your body is rotting away.
You thrive by killing the living.
You are immune to poison.
You have sharp fingernails.
Your flesh is cold resistant. (rC+)
You are immune to negative energy. (rN+++)
You do not regenerate when monsters are visible.
You are immune to unholy pain and torment.
You can survive without breathing.


Message History

The troll bites you! The troll claws you but does no damage.
The troll barely misses you.
You hit the troll.
The troll is heavily wounded.
The troll bites you!
* * * LOW HITPOINT WARNING * * *
The troll barely misses you. The troll closely misses you.
You punch the troll!
The troll is severely wounded.
The troll bites you!
* * * LOW HITPOINT WARNING * * *
The troll claws you but does no damage. The troll barely misses you.
Your plate armour prevents you from hitting the troll.
The troll is severely wounded.
You punch the troll!
The troll is almost dead.
The troll bites you.
* * * LOW HITPOINT WARNING * * *
The troll claws you but does no damage. The troll claws you!
You die...

....#.....###...#.....,,,,,,,,,,*
#####.................,,,,,,,,,,*
'............).###########*******
#....##....###.#..........,* *
#....##<.......'..........,* *
#..............#..##########*****
####'######....#..######...#*,,*,
,*#..#,,,,#....#............+,,*,
,*#..#,,,,+..#.#@T..........*,,*,
,*#..#,,,,#....#####.......#*,,*,
,*####*,,,#....#,,*#.......#*,,**
,* *,,,#....#,,,.........,,,,,
,** *,,,#....#,,,.........,,,,,
,,* *,,,#.##.#**##########+****
,,* *,,,*,,,,****,,,,,,,,,,,,,,
,******,,,+,,,,*,,*,,,,,,,,,,,,,,
,+,,,,*,,,*,,,,*,,*,,,,,,,,,,,,,,


You could see a troll.

Vanquished Creatures
  Harold (D:7)
  Joseph (D:7)
  A hippogriff (D:8)
  2 chaos spawn (D:8)
  A black bear (D:7)
  3 ice beasts
  3 orc warriors
  3 ogres
  A centaur (D:8)
  3 bullfrogs
  A gnoll sergeant (D:6)
  A scorpion (D:2)
  A howler monkey (D:6)
  A centaur zombie (D:5)
  3 jellies
  3 hounds
  A gnoll shaman (D:4)
  An orc priest (D:8)
  A centaur skeleton (D:9)
  6 orc wizards
  2 iguanas
  5 worker ants
  A hound skeleton (D:4)
  2 worker ant zombies
  8 adders
  8 gnolls
  3 shadow imps
  3 white imps (D:6)
  2 ufetubi
  An ooze (D:2)
  An adder zombie (D:9)
  3 adder skeletons
  3 worms
  A dart slug (D:4)
  8 leopard geckos
  16 orcs
  2 ball pythons
  3 giant cockroaches
  11 goblins
  9 hobgoblins
  6 jackals
  3 quokkas
  6 bats
  8 frilled lizards
  A giant cockroach zombie (D:5)
  A jackal zombie (D:6)
  6 kobolds
  A leopard gecko skeleton (D:5)
  A leopard gecko zombie (D:5)
  A quokka skeleton (D:7)
  A quokka zombie (D:5)
  6 rats
171 creatures vanquished.

Vanquished Creatures (others)
  2 withered plants (D:8)
2 creatures vanquished.

Grand Total: 173 creatures vanquished

Notes
Turn   | Place    | Note
-------+----------+-------------------------------------------
     0 | D:1      | HoaS the Ghoul Gladiator began the quest for the Orb.
     0 | D:1      | Reached XP level 1. HP: 17/17 MP: 0/0
    95 | D:1      | Reached XP level 2. HP: 17/24 MP: 1/1
   222 | D:1      | Reached skill level 4 in Unarmed Combat
   716 | D:1      | Reached XP level 3. HP: 29/29 MP: 2/2
  1022 | D:2      | Reached skill level 5 in Unarmed Combat
  1083 | D:2      | Found an ornate altar of the Wu Jian Council.
  1177 | D:2      | Noticed a scorpion
  1190 | D:2      | Killed a scorpion
  1190 | D:2      | Reached skill level 6 in Unarmed Combat
  1190 | D:2      | Reached XP level 4. HP: 35/36 MP: 3/3
  1288 | D:2      | Reached XP level 5. HP: 41/41 MP: 4/4
  1371 | D:2      | Found a shadowy altar of Dithmenos.
  1371 | D:2      | Found a sacrificial altar of Ru.
  1561 | D:3      | Found a faded altar of an unknown god.
  2147 | D:4      | Reached skill level 7 in Unarmed Combat
  2147 | D:4      | Reached XP level 6. HP: 48/48 MP: 5/5
  2403 | D:4      | Reached skill level 8 in Unarmed Combat
  2510 | D:4      | Found a blossoming altar of Fedhas.
  2651 | D:5      | Entered Level 5 of the Dungeon
  2880 | D:5      | Reached XP level 7. HP: 55/55 MP: 6/6
  3070 | D:5      | Reached skill level 9 in Unarmed Combat
  3500 | D:5      | Found a hazy altar of Hepliaklqana.
  3712 | D:6      | Found a staircase to the Ecumenical Temple.
  3717 | Temple   | Entered the Ecumenical Temple
  3850 | Temple   | Became a worshipper of Makhleb the Destroyer
  3966 | D:6      | Found a sparkling altar of Nemelex Xobeh.
  4086 | D:6      | Reached skill level 10 in Unarmed Combat
  4108 | D:6      | Reached XP level 8. HP: 46/61 MP: 7/7
  4285 | D:7      | Noticed Joseph
  4670 | D:6      | Reached skill level 11 in Unarmed Combat
  4794 | D:7      | Reached * piety under Makhleb
  5041 | D:6      | Reached skill level 12 in Unarmed Combat
  5309 | D:7      | Noticed Harold
  5338 | D:7      | Killed Harold
  5338 | D:7      | Reached XP level 9. HP: 18/70 MP: 8/8
  5616 | D:7      | Killed Joseph
  6154 | D:8      | Found a shimmering altar of Xom.
  6155 | D:8      | Found the +7 mace of Variability {chain chaos}
  6249 | D:8      | Found a radiant altar of Vehumet.
  6270 | D:8      | Found Zyul's Distillery.
  6272 | D:8      | Reached skill level 13 in Unarmed Combat
  6286 | D:8      | Found a runed translucent door.
  6286 | D:8      | Noticed donkeybrains's ghost (novice TrBe)
  6476 | D:8      | Reached XP level 10. HP: 69/80 MP: 9/9
  6791 | D:9      | Found a flagged portal.
  6800 | Bailey   | Entered a bailey
  6805 | Bailey   | Noticed an orc knight
  6821 | Bailey   | HP: 2/80 [orc warrior/+0 halberd (8)]
  7066 | D:9      | Reached skill level 5 in Fighting
  7089 | D:9      | Slain by a troll

Illustrated notes

Levels and vault maps discovered:
D:1:      dpeg_arrival_morbid_curiosity, layout_loops_ring
D:2:      layout_rooms, amethyst_overflow_temple_binary, lemuel_doored_altar
D:3:      layout_basic, chequers_ecumenical_altar_twisty, dk_noncrumbling_2,
          uniq_ijyb
D:4:      layout_cave_pools, fedhas_altar_4, minmay_fractal_squares_gapless_5
D:5:      layout_basic, nicolae_overflow_hidden_temple
D:6:      layout_loops_cross, temple_doors_e, basic_altar
D:7:      layout_rooms, uniq_joseph, uniq_harold
D:8:      layout_loops_ring, old_standard_altar, gammafunk_ghost_grave,
          serial_shops, shop, minmay_guarded_unrand_variability
D:9:      layout_stronghold, enter_bailey_8, roderic_cross_of_infinity,
          uniq_grum
Temple:   eino_temple_rhombus

Skill      XL: |  1  2  3  4  5  6  7  8  9 10 |
---------------+-------------------------------+-----
Unarmed Combat | 4 6 7 8 10 12 13 | 13.3
Fighting       | 3 4 5 |  5.0
Armour         | 2 3 |  3.5
Dodging        | 3 4 |  4.6
Throwing       | |  1.7

Action                   |  1- 3 |  4- 6 |  7- 9 | 10-12 || total
-------------------------+-------+-------+-------+-------++-------
Melee: Unarmed           |   110 |   180 |   326 |    52 ||   668
       Punch             |       |     4 |    13 |     1 ||    18
Throw: Throwing net      |     1 |     1 |       |       ||     2
Evoke: Wand              |       |       |     3 |       ||     3
  Use: Scroll            |     5 |     6 |     4 |     1 ||    16
       Potion            |       |       |     4 |       ||     4
 Stab: Held in net/web   |     1 |     1 |       |       ||     2
Armor: Leather armour    |    22 |       |       |       ||    22
       Ring mail         |     9 |    18 |       |       ||    27
       Plate armour      |       |    77 |   173 |    26 ||   276
Dodge: Dodged            |    60 |    52 |    85 |    16 ||   213

Table legend: (Time is in decaauts)
 A = Elapsed time spent in this place.
 B = Non-inter-level travel time spent in this place.
 C = Inter-level travel time spent in this place.
 D = Time resting spent in this place.
 E = Time spent auto-exploring this place.
 F = Levels seen in this place.
 G = Mean time per level.
                   A        B        C        D        E       F      G
               +--------+--------+--------+--------+--------+-----+--------+
         Total |   6992 |   6642 |    350 |   1716 |   3548 |  11 |  635.6 |
       Dungeon |   6819 |   6509 |    310 |   1716 |   3441 |   9 |  757.7 |
        Temple |    152 |    112 |     40 |      0 |    107 |   1 |  152.0 |
        Bailey |     19 |     19 |      0 |      0 |      0 |   1 |   19.0 |
               +--------+--------+--------+--------+--------+-----+--------+

Top non-repeatable levels by time:
     D:6: 1637 daAuts
     D:1: 1008 daAuts
     D:8: 840 daAuts
     D:5: 801 daAuts
     D:4: 683 daAuts
     D:3: 591 daAuts
     D:2: 481 daAuts
     D:7: 466 daAuts
     D:9: 308 daAuts
  Temple: 152 daAuts
  Bailey: 19 daAuts
